 Dungeon Sprint DCSS version 0.21-a0-50-g941c862 (webtiles) character file.

99 Kidiri the Cudgeler (level 4, -4/72 HPs)
             Began as a Troll Monk on June 11, 2017.
             Was an Elder of Wu Jian.
             Slain by a warg (14 damage)
             ... in the Dungeon (Sprint VII: "The Pits").
             The game lasted 00:02:35 (255 turns).

Kidiri the Cudgeler (Troll Monk)                     Turns: 255, Time: 00:02:36

Health: -4/72      AC:  5    Str: 24    XL:     4   Next: 45%
Magic:  3/3        EV: 11    Int:  6    God:    Wu Jian [****..]
Gold:   0          SH:  0    Dex: 13    Spells: 3/3 levels left

rFire    . . .     SeeInvis .   a - +2 mace (crush)
rCold    . . .     Gourm    +   (no shield)
rNeg     . . .     Faith    .   b - +0 robe
rPois    .         Spirit   .   (helmet restricted)
rElec    .         Reflect  .   (no cloak)
rCorr    .         Harm     .   (gloves unavailable)
MR       .....     NoTele   +   (boots unavailable)
Stlth    ..........             (no amulet)
Regen    0.7/turn               (no ring)
MPRegen  0.1/turn               (no ring)

@: berserking, very quick
A: unfitting armour, claws 3, fast metabolism 3, gourmand, regeneration 1,
shaggy fur 1, tough skin 2
a: Serpent's Lash, Renounce Religion


You were in the Dungeon.
You worshipped Wu Jian.
Wu Jian was greatly pleased with you.
You were not hungry.

You visited 1 branch

Inventory:

Hand Weapons
 a - a +2 mace of crushing (weapon)
Armour
 b - a +0 robe (worn)
Scrolls
 i - a scroll of blinking
 l - 3 scrolls of remove curse
 m - 5 scrolls of amnesia
 n - a scroll of summoning
Potions
 d - 4 potions of heal wounds
 e - 5 potions of curing
 f - a potion of haste
 g - 4 potions of magic
 h - a potion of berserk rage
 k - 2 potions of invisibility
Comestibles
 c - 9 bread rations
 j - 5 chunks of flesh
 o - 40 fruits
 p - 7 meat rations


   Skills:
 * Level 4.1 Fighting
 * Level 4.5 Maces & Flails
 + Level 2.3 Armour
 * Level 4.2 Dodging
 * Level 2.7 Stealth


You had 3 spell levels left.
You didn't know any spells.

Dungeon Overview and Level Annotations

Branches:
Dungeon (1/1)

Altars:
Ashenzari
Cheibriados
Dithmenos
Elyvilon
Fedhas
Gozag
Hepliaklqana
Kikubaaqudgha
Makhleb
Nemelex Xobeh
Okawaru
Qazlal
Ru
Sif Muna
Trog
Uskayaw
Vehumet
Wu Jian
Xom
Yredelemnul
Zin
The Shining One
Beogh
Jiyva
Lugonu


Innate Abilities, Weirdness & Mutations

You are too large for most types of armour.
You have claws for hands.
Your metabolism is lightning-fast.
You like to eat raw meat.
Your natural rate of healing is unusually fast.
You are covered in fur. (AC +1)
You have very tough skin. (AC +2)


Message History

The warg bites you. The warg bites you!
* * * LOW HITPOINT WARNING * * *
There is an open door here.
The warg bites you!
* * * LOW HITPOINT WARNING * * *
Unknown command.
You feel much better. The warg bites you.
A red film seems to cover your vision as you go berserk!
You feel yourself moving faster!
You feel mighty! The warg bites you!
* * * LOW HITPOINT WARNING * * *
You spin and attack the warg.
You thump the warg!
The warg is heavily wounded.
The warg bites you.
* * * LOW HITPOINT WARNING * * *
Unknown command.
You spin and attack the warg.
You barely miss the warg.
The warg is heavily wounded.
The warg bites you!
You die...

############
#_________.#
#_________.#
#_______...########
##########+##......
#.?(.+)))+.##......
##########.##......
#.@........)'......
#h#####+#####......
#W#.%...#[[##......
#K#.....#))#####+##
#.###+###))##......
#.#.)...#))##......
#.#.....#..##......
#.####+##+###...<..
#.#........##......


You could see a hungry ghost, a warg and a kobold.

Vanquished Creatures
  A bullfrog (D)
  A gnoll (D)
  A river rat (D)
  An ooze (D)
  An orc (D)
  A bat (D)
  A bat skeleton (D)
  A frilled lizard (D)
  A kobold (D)
  A rat (D)
10 creatures vanquished.

Notes
Turn   | Place    | Note
-------+----------+-------------------------------------------
     0 | D        | Kidiri the Troll Monk began the quest for the Orb.
     0 | D        | Reached XP level 1. HP: 22/22 MP: 0/0
    53 | D        | Found a bloodstained altar of Trog.
    53 | D        | Found a deep blue altar of Sif Muna.
    53 | D        | Found a viscous altar of Jiyva.
    53 | D        | Found a hazy altar of Hepliaklqana.
    53 | D        | Found an opulent altar of Gozag.
    54 | D        | Found a glowing golden altar of the Shining One.
    54 | D        | Found a glowing silver altar of Zin.
    54 | D        | Found a basalt altar of Yredelemnul.
    54 | D        | Found a shimmering altar of Xom.
    54 | D        | Found an ornate altar of the Wu Jian Council.
    54 | D        | Found a sacrificial altar of Ru.
    54 | D        | Found a stormy altar of Qazlal.
    54 | D        | Found an iron altar of Okawaru.
    54 | D        | Found a sparkling altar of Nemelex Xobeh.
    54 | D        | Found a burning altar of Makhleb.
    54 | D        | Found a blossoming altar of Fedhas.
    54 | D        | Found a white marble altar of Elyvilon.
    54 | D        | Found a shadowy altar of Dithmenos.
    54 | D        | Found a snail-covered altar of Cheibriados.
    56 | D        | Found a radiant altar of Vehumet.
    56 | D        | Found a corrupted altar of Lugonu.
    56 | D        | Found a roughly hewn altar of Beogh.
    57 | D        | Found a hide-covered altar of Uskayaw.
    57 | D        | Found an ancient bone altar of Kikubaaqudgha.
    57 | D        | Found a shattered altar of Ashenzari.
    63 | D        | Became a worshipper of the Wu Jian Council
    63 | D        | Reached * piety under Wu Jian
    63 | D        | Reached ** piety under Wu Jian
    90 | D        | Reached XP level 2. HP: 29/29 MP: 1/1
    92 | D        | Reached skill level 1 in Armour
   112 | D        | Noticed a bullfrog
   117 | D        | Reached *** piety under Wu Jian
   149 | D        | Reached XP level 3. HP: 17/37 MP: 2/2
   157 | D        | Killed a bullfrog
   157 | D        | Reached XP level 4. HP: 17/48 MP: 3/3
   235 | D        | Noticed a warg
   239 | D        | Noticed a hungry ghost
   241 | D        | Reached **** piety under Wu Jian
   255 | D        | Slain by a warg

Vault maps used:
D:        pitsprint

Skill      XL: |  1  2  3 |
---------------+----------+-----
Maces & Flails | 3 4 |  4.5
Dodging        | 3 4 |  4.2
Armour         | 1 2 |  2.3
Fighting       | 3 4 |  4.1
Stealth        | 2 |  2.7

Action                   |  1- 3 |  4- 6 || total
-------------------------+-------+-------++-------
Melee: Mace              |    45 |     6 ||    51
  Use: Potion            |     3 |     2 ||     5
 Stab: Sleeping          |     2 |       ||     2
Armor: Robe              |    15 |       ||    15
Dodge: Dodged            |    29 |     5 ||    34
